 Dungeon Crawl Stone Soup version 0.31-a0-358-gac0dbeb3ab (webtiles) character file.

Game seed: 3387068251155044153

2777 garrulousMonolith the Sneak (level 9, 0/61 HPs)
             Began as an Octopode Shapeshifter on July 25, 2023.
             Was an Initiate of Gozag.
             Succumbed to a water moccasin's poison
             ... on level 7 of the Dungeon.
             The game lasted 00:06:54 (6464 turns).

garrulousMonolith the Sneak (Octopode Shapeshifter) Turns: 6464, Time: 00:06:54

Health: 0/61       AC:  1    Str: 16    XL:     9   Next: 70%
Magic:  8/8        EV: 15    Int: 11    God:    Gozag
Gold:   448        SH:  0    Dex: 14    Spells: 5/8 levels left

rFire   + + +        y - +9 hammer "Xig Uxor" {vamp, rF+ Stlth+}
rCold   + . .        (no shield)
rNeg    . . .        (helmet currently unavailable)
rPois   +            (no amulet)
rElec   +            d - ring of protection from fire
rCorr   +            (no ring)
SInv    .            (no ring)
Will    .....        (no ring)
Stlth   +++++        (no ring)
HPRegen 0.30/turn    (no ring)
MPRegen 0.11/turn    (no ring)
                     (no ring)

%: no passive effects
@: lethally poisoned (0 -> -20), about to teleport, beast-form, resistant, gold
aura
A: beast (slay +4), almost no armour, amphibious, 8 rings, camouflage 1,
gelatinous body 1, (nimble swimmer 1), tentacles, low MP 1
a: Begin Untransformation, Renounce Religion, Potion Petition, Call Merchant,
Bribe Branch


You were on level 7 of the Dungeon.
You worshipped Gozag.
Gozag was aware of your devotion.
You were a hulking beast.
You visited 2 branches of the dungeon, and saw 8 of its levels.

You collected 532 gold pieces.
You paid 84 gold pieces to Gozag.

Inventory:

Hand Weapons
 c - a +2 trident of venom
 p - a +0 hand axe of electrocution
 q - a +0 sling of flaming
 u - a +1 dagger of venom
 y - the +9 hammer "Xig Uxor" (weapon) {vamp, rF+ Stlth+}
   (You found it on level 5 of the Dungeon)

   rF:        It protects you from fire.
   Stlth:     It makes you more stealthy.
Missiles
 n - a throwing net
Jewellery
 d - a ring of protection from fire (left tentacle)
 g - an amulet of reflection
Talismans
 b - a beast talisman
Wands
 o - a wand of paralysis (9)
 x - a wand of roots (4)
Scrolls
 h - a scroll of summoning {unknown}
 m - a scroll of noise {unknown}
 r - a scroll of amnesia
 s - 2 scrolls of revelation
 t - a scroll of poison {unknown}
 v - a scroll of immolation {unknown}
Potions
 a - 2 potions of lignification
 e - a potion of magic
 f - a potion of might {unknown}
 i - 3 potions of berserk rage
 j - a potion of mutation
 k - 3 potions of attraction
 z - a potion of heal wounds {unknown}
 A - a potion of brilliance {unknown}


   Skills:
 + Level 5.3 Fighting
 + Level 5.7 Dodging
 + Level 7.2 Stealth
 + Level 5.9 Unarmed Combat
 * Level 7.1 Shapeshifting


You had 5 spell levels left.
You knew the following spells:

 Your Spells              Type           Power      Damage    Failure   Level
a - Apportation           Tloc           0%         N/A       34%         1
b - Passwall              Tmut/Erth      0%         N/A       47%         2

Your spell library contained the following spells:

 Spells                   Type           Power      Damage    Failure   Level
 Sandblast                Erth           0%         2d4       34%         1
 Frozen Ramparts          Ice            0%         1d1       71%         3
 Stone Arrow              Conj/Erth      0%         3d7       71%         3
 Petrify                  Tmut/Erth      0%         N/A       98%         4
 Alistair's Intoxication  Tmut/Pois      0%         N/A       100%        5
 Borgnjor's Vile Clutch   Necr/Erth      0%         N/A       100%        5
 Metabolic Englaciation   Hex/Ice        0%         N/A       100%        5
 Death Channel            Necr           0%         N/A       100%        6
 Animate Dead             Necr           Unusable   N/A       N/A         4

Dungeon Overview and Level Annotations

Branches:
Dungeon (7/15)             Temple (1/1) D:5

Altars:
Ashenzari
Cheibriados
Dithmenos
Elyvilon
Fedhas
Gozag
Hepliaklqana
Kikubaaqudgha
Makhleb
Nemelex Xobeh
Okawaru
Qazlal
Ru
Sif Muna
Trog
Vehumet
Wu Jian
Xom
Yredelemnul
Zin
The Shining One

Shops:
D:6 (

Annotations:
D:7 1 runed translucent door, Joseph; wormstring's ghost, novice GnSh


Innate Abilities, Weirdness & Mutations

You are a hulking beast.
Your limbs bulge with bestial killing power. (Slay +4)
You cannot wear most types of armour.
You are amphibious.
You can wear up to eight rings at the same time.
Your skin changes colour to match your surroundings (Stealth+).
Your rubbery body absorbs attacks. (AC +1, EV +1)
((You are camouflaged when in or above water. (Stealth+)))
You have tentacles for arms and can constrict up to eight enemies at once.
Your magical capacity is low. (-10% MP)


Message History

The water moccasin is heavily wounded.
You feel very sick. The water moccasin bites you.
You are more poisoned.
The water moccasin poisons you! The water moccasin bites you.
You are more poisoned.
The water moccasin poisons you!
You are too injured to fight recklessly!
You are too injured to fight recklessly!
You are too injured to fight recklessly!
You are too injured to fight recklessly!
You are too injured to fight recklessly!
You are too injured to fight recklessly!
You are too injured to fight recklessly!
You are too injured to fight recklessly!
You are too injured to fight recklessly!
You are too injured to fight recklessly!
You are too injured to fight recklessly!
You are too injured to fight recklessly!
You are too injured to fight recklessly!
You hit the water moccasin.
You feel better.
You grab the water moccasin.
The water moccasin is severely wounded.
You constrict the water moccasin.
You feel extremely sick. The water moccasin bites you!
You are lethally poisoned!
The water moccasin poisons you! The water moccasin bites you.
You sock the water moccasin!
You kill the water moccasin!
* * * LOW HITPOINT WARNING * * *
You feel extremely sick.
Okay, then.
As you read the scroll of teleportation, it crumbles to dust.
You feel strangely unstable.
* * * LOW HITPOINT WARNING * * *
You feel very sick.
It was a potion of resistance.
You feel protected.
You die...
Your body crumbles into a pile of gold.

#.♣........ #.♣.......@
#.♣........ .
#.♣........ ..
#.......... ...
#..........
######)......#._........
.....?.......'..h.......
######....####..........
K.........'....♣.#######
..........####.♣...#
...............♣.#.#
...............♣.#.#
.................# #
.................#
..........####.#.#


You could see Joseph (wandering).

Vanquished Creatures
  Pikel (D:5)
  Maggie (D:7)
  Prince Ribbit (D:5)
  Menkaure (D:4)
  3 water moccasins
  A black bear (D:5)
  2 ogres
  A centaur (D:6)
  A lemure (D:5)
  3 phantoms
  2 bullfrogs
  A scorpion (D:4)
  A jelly (D:5)
  Crazy Yiuf (D:5)
  An orc priest (D:3)
  4 hounds
  3 iguanas
  4 orc wizards
  Natasha (thrice) (D:2)
  A gnoll (D:1)
  8 adders
  A white imp (D:6)
  An ufetubus (D:5)
  3 worms
  2 dart slugs
  17 orcs
  11 ball pythons
  7 endoplasms
  5 giant cockroaches
  8 goblins
  7 hobgoblins
  4 jackals (D:5)
  3 quokkas
  6 bats
  5 frilled lizards
  2 kobolds (D:2)
  10 rats
136 creatures vanquished.

Vanquished Creatures (others)
  An orc wizard (D:7)
1 creature vanquished.

Grand Total: 137 creatures vanquished

Notes
Turn   | Place    | Note
-------+----------+-------------------------------------------
     0 | D:1      | garrulousMonolith the Octopode Shapeshifter began the quest
                  | for the Orb.
     0 | D:1      | Reached XP level 1. HP: 13/13 MP: 1/1
   104 | D:1      | Reached XP level 2. HP: 18/18 MP: 2/2
   210 | D:1      | Reached skill level 1 in Stealth
   275 | D:1      | Reached XP level 3. HP: 17/23 MP: 3/3
   660 | D:1      | Learned a level 1 spell: Apportation
   827 | D:2      | Reached XP level 4. HP: 29/29 MP: 4/4
  1010 | D:2      | Learned a level 2 spell: Passwall
  1047 | D:2      | Noticed Natasha
  1050 | D:2      | Killed Natasha
  1051 | D:2      | Reached XP level 5. HP: 34/34 MP: 5/5
  1269 | D:2      | Noticed Natasha
  1277 | D:2      | Killed Natasha
  1396 | D:2      | Noticed Natasha
  1404 | D:2      | Killed Natasha
  1629 | D:3      | Reached XP level 6. HP: 13/41 MP: 6/6
  1637 | D:3      | HP: 2/41 [orc/+0 club (5)]
  3407 | D:4      | Reached XP level 7. HP: 28/45 MP: 7/7
  3656 | D:4      | Noticed Menkaure
  3663 | D:4      | Killed Menkaure
  4255 | D:5      | Entered Level 5 of the Dungeon
  4265 | D:5      | Noticed Prince Ribbit
  4274 | D:5      | Reached skill level 5 in Shapeshifting
  4283 | D:5      | Killed Prince Ribbit
  4284 | D:5      | Reached XP level 8. HP: 5/54 MP: 8/8
  4284 | D:5      | Gained mutation: Your magical capacity is low. (-10% MP)
                  | [potion of mutation]
  4284 | D:5      | HP: 2/54 [adder (1)]
  4295 | D:5      | Reached skill level 5 in Stealth
  4660 | D:5      | Found a staircase to the Ecumenical Temple.
  4749 | Temple   | Entered the Ecumenical Temple
  4768 | Temple   | Became a worshipper of Gozag Ym Sagoz the Greedy
  4972 | D:5      | Noticed Pikel
  4980 | D:5      | Killed Pikel
  4981 | D:5      | Reached skill level 5 in Dodging
  4981 | D:5      | Reached skill level 5 in Unarmed Combat
  4981 | D:5      | Reached XP level 9. HP: 31/59 MP: 8/8
  5169 | D:5      | Found a runed translucent door.
  5170 | D:5      | Noticed Crazy Yiuf
  5172 | D:5      | Identified the +9 hammer "Xig Uxor" {vamp, rF+ Stlth+}
  5180 | D:5      | Killed Crazy Yiuf
  5743 | D:6      | Found Hail's Weapon Emporium.
  6033 | D:7      | Noticed Joseph
  6033 | D:7      | Noticed Maggie
  6047 | D:7      | Reached skill level 5 in Fighting
  6182 | D:7      | Paralysed by Maggie for 3 turns
  6189 | D:7      | Killed Maggie
  6424 | D:7      | Noticed wormstring's ghost (novice GnSh)
  6425 | D:7      | Found a runed translucent door.
  6452 | D:7      | Found an ancient bone altar of Kikubaaqudgha.
  6464 | D:7      | Succumbed to a water moccasin's poison

Illustrated notes

Levels and vault maps discovered:
D:1:      saegor_arrival_simple_b, layout_loops_ring
D:2:      layout_basic, chequers_avenue, grunt_decor_clamped,
          minmay_worlds_worst_comb, uniq_natasha
D:3:      layout_basic
D:4:      layout_layer_cave, uniq_menkaure
D:5:      layout_rooms, minmay_temple_entry_statues_pillars, uniq_pikel,
          uniq_prince_ribbit1, uniq_crazy_yiuf_cottage
D:6:      layout_basic, serial_shops, nicolae_shop_tiny_real_fake_doors
D:7:      layout_basic, mainiacjoe_overflow_boulevard,
          hellmonk_ghost_happy_afterlife, uniq_joseph, uniq_maggie
Temple:   nicolae_temple_slightly_damp_pantheon

Skill      XL: |  1  2  3  4  5  6  7  8  9 |
---------------+----------------------------+-----
Stealth        | 1 2 3 4 6 7 |  7.2
Fighting       | 2 3 4 5 |  5.3
Shapeshifting  | 4 5 6 7 |  7.1
Dodging        | 3 4 5 |  5.7
Unarmed Combat | 4 5 |  5.9

Action                     |  1- 3 |  4- 6 |  7- 9 || total
---------------------------+-------+-------+-------++-------
  Melee: Unarmed           |    68 |    89 |       ||   157
         Tentacles         |     9 |    25 |    21 ||    55
         Constrict         |    12 |    26 |    21 ||    59
         Punch             |     1 |     3 |     2 ||     6
         Hand axe          |       |    13 |    46 ||    59
         Mace              |       |       |    45 ||    45
    Use: Scroll            |       |     2 |     8 ||    10
         Potion            |       |     1 |     5 ||     6
   Stab: Sleeping          |    12 |    14 |    13 ||    39
         Distracted        |     1 |     2 |       ||     3
 Armour: Skin              |     3 |     1 |     6 ||    10
  Dodge: Dodged            |    42 |    57 |    56 ||   155

Table legend: (Time is in decaauts)
 A = Elapsed time spent in this place.
 B = Non-inter-level travel time spent in this place.
 C = Inter-level travel time spent in this place.
 D = Time resting spent in this place.
 E = Time spent auto-exploring this place.
 F = Levels seen in this place.
 G = Mean time per level.
                   A        B        C        D        E       F      G
               +--------+--------+--------+--------+--------+-----+--------+
         Total |   6479 |   6250 |    229 |   1549 |   3734 |   8 |  809.9 |
       Dungeon |   6440 |   6230 |    210 |   1549 |   3734 |   7 |  920.0 |
        Temple |     38 |     19 |     19 |      0 |      0 |   1 |   38.0 |
               +--------+--------+--------+--------+--------+-----+--------+

Top non-repeatable levels by time:
     D:4: 1709 daAuts
     D:3: 1215 daAuts
     D:5: 860 daAuts
     D:6: 769 daAuts
     D:2: 742 daAuts
     D:1: 679 daAuts
     D:7: 462 daAuts
  Temple: 38 daAuts
